 Dungeon Crawl Stone Soup version 0.20.1-1-g8b1a95d (webtiles) character file.

217 theAP the Digger (level 5, -2/28 HPs)
             Began as a Gargoyle Earth Elementalist on Sept 7, 2017.
             Killed from afar by Natasha (5 damage)
             ... with a wand of flame (?/48)
             ... on level 3 of the Dungeon.
             The game lasted 00:06:38 (2286 turns).

theAP the Digger (Gargoyle Earth Elementalist)      Turns: 2286, Time: 00:06:38

Health: -2/28      AC:  6    Str: 11    XL:     5   Next: 94%
Magic:  0/11       EV: 12    Int: 17    God:
Gold:   114        SH:  0    Dex: 10    Spells: 8/12 levels left

rFire    . . .     SeeInvis .   m - +0 flail
rCold    . . .     Gourm    .   (no shield)
rNeg     + . .     Faith    .   c - +0 robe
rPois    ∞         Spirit   .   (no helmet)
rElec    +         Reflect  .   (no cloak)
rCorr    .         Harm     .   (no gloves)
MR       .....                  (no boots)
Stlth    ++........             (no amulet)
Regen    0.1/turn               (no ring)
MPRegen  0.2/turn               (no ring)

@: very slightly contaminated
A: negative energy resistance 1, electricity resistance, unbreathing,
petrification resistance, rot immunity, AC +4
a: no special abilities


You were on level 3 of the Dungeon.
You were hungry.

You visited 1 branch of the dungeon, and saw 3 of its levels.

You collected 114 gold pieces.

Inventory:

Hand Weapons
 m - a +0 flail (weapon)
Armour
 c - a +0 robe (worn)
Jewellery
 n - an uncursed ring of resist corrosion {unknown}
Scrolls
 a - 3 scrolls of remove curse {unknown}
 j - 3 scrolls of fog {unknown}
 l - 3 scrolls of identify {unknown}
Potions
 g - 2 potions of lignification
 h - a potion of agility
 k - a potion of magic {unknown}
Books
 e - a book of Geomancy

   Spells                             Type                      Level
   a - Sandblast                      Earth                        1
   b - Passwall                       Transmutation/Earth          2
   c - Stone Arrow                    Conjuration/Earth            3
   d - Petrify                        Transmutation/Earth          4
   e - Lee's Rapid Deconstruction     Earth                        5
Comestibles
 d - 4 bread rations
 o - a chunk of flesh


   Skills:
 - Level 1.5 Dodging
 - Level 2.1 Stealth
 + Level 4.0 Spellcasting
 + Level 1.8 Conjurations
   Level 0.7 Transmutations
 + Level 5.6 Earth Magic


You had 8 spell levels left.
You knew the following spells:

 Your Spells              Type           Power        Failure   Level  Hunger
a - Sandblast             Erth           ###...       1%          1    None
b - Stone Arrow           Conj/Erth      ###...       11%         3    ###....


Dungeon Overview and Level Annotations

Branches:
Dungeon (3/15)

Altars:
Dithmenos
Zin

Annotations:
D:3 Natasha


Innate Abilities, Weirdness & Mutations

You are resistant to torment.
Your stone body is resilient. (AC +4)
You are immune to poison.
You resist negative energy. (rN+)
You are resistant to electric shocks. (rElec)
You can survive without breathing.
You are immune to petrification.
You are immune to rotting.


Message History

The quokka misses you.
Casting: Stone Arrow
Confirm with . or Enter, or press ? or * to list all spells.
Aiming: Stone Arrow
Press: ? - help, Shift-Dir - straight line, f/p - Natasha
Aim: Natasha, carrying a wand of flame (?/48) {zapped: 4} (heavily wounded)
You miscast Stone Arrow.
Your feet feel warm.
Natasha zaps a wand.
The puff of flame hits you!
* * * LOW HITPOINT WARNING * * *
The crimson imp completely misses you. The quokka barely misses you.
The iron imp barely misses you.
Casting: Stone Arrow
Confirm with . or Enter, or press ? or * to list all spells.
Aiming: Stone Arrow
Press: ? - help, Shift-Dir - straight line, f/p - Natasha
Aim: Natasha, carrying a wand of flame (?/48) {zapped: 5} (heavily wounded)
The stone arrow hits Natasha.
Natasha is almost dead.
Natasha zaps a wand.
The puff of flame hits you!
You die...

#........?..÷...# #.....##
#...............###.......
.##.............#†)†.#####.
...................### #.
.##.###.#.#...####......###
#.#...### ###....#..
#.#.#.?## #...#..
#...#5.### ...... #...%@..#
..<#.# ......5hr......
..... .........###.## ...#.
.###...... # .. . ........#
## ..#.....## .....#.#..
......_ ./


You could see an iron imp, Natasha, a crimson imp and a quokka.

Vanquished Creatures
  A howler monkey (D:3)
  Natasha (D:3)
  5 gnolls (D:2)
  3 adders (D:2)
  An ooze (D:3)
  6 worms
  A dart slug (D:1)
  A leopard gecko (D:2)
  3 giant cockroaches
  5 goblins
  7 hobgoblins
  8 jackals (D:2)
  2 kobolds
  A ball python (D:2)
  5 bats
  4 frilled lizards
  5 rats
59 creatures vanquished.

Notes
Turn   | Place    | Note
-------+----------+-------------------------------------------
     0 | D:1      | theAP the Gargoyle Earth Elementalist began the quest for the Orb.
     0 | D:1      | Reached XP level 1. HP: 10/10 MP: 3/3
   116 | D:1      | Reached skill level 4 in Earth Magic
   116 | D:1      | Reached XP level 2. HP: 15/15 MP: 1/5
   839 | D:2      | Reached XP level 3. HP: 19/19 MP: 4/7
  1046 | D:2      | Found a shadowy altar of Dithmenos.
  1128 | D:2      | Reached XP level 4. HP: 24/24 MP: 3/8
  1378 | D:2      | Reached skill level 5 in Earth Magic
  1412 | D:2      | Learned a level 3 spell: Stone Arrow
  1899 | D:2      | Reached XP level 5. HP: 28/28 MP: 5/10
  1913 | D:2      | Found a faded altar of an unknown god.
  1999 | D:2      | Reached skill level 1 in Conjurations
  2063 | D:3      | Noticed Natasha
  2069 | D:3      | Killed Natasha
  2275 | D:3      | Noticed Natasha
  2280 | D:3      | Found a glowing silver altar of Zin.
  2286 | D:3      | Killed from afar by Natasha

Skill      XL: |  1  2  3  4  5 |
---------------+----------------+-----
Earth Magic    | 4 5 |  5.6
Spellcasting   | 3 4 |  4.0
Conjurations   | 1 |  1.8
Dodging        | |  1.5
Stealth        | |  2.1
Transmutations | |  0.7

Action                   |  1- 3 |  4- 6 || total
-------------------------+-------+-------++-------
Melee: Unarmed           |     9 |       ||     9
       Flail             |     5 |    50 ||    55
 Cast: Sandblast         |    35 |    53 ||    88
       Stone Arrow       |       |     2 ||     2
  Use: Potion            |       |     4 ||     4
  Eat: Chunk             |     1 |     3 ||     4
Armor: Robe              |     5 |    24 ||    29
       Skin              |       |    32 ||    32
Dodge: Dodged            |    18 |    49 ||    67
